 Dungeon Crawl Stone Soup version 0.30.0-18-gc0e69614cb (webtiles) character file.

Game seed: 11521099997935724368

478 DemonSlayer the Magician (level 6, -1/43 HPs)
             Began as a Demonspawn Earth Elementalist on May 24, 2023.
             Slain by an ice beast (9 damage)
             ... on level 5 of the Dungeon.
             The game lasted 00:10:58 (4104 turns).

DemonSlayer the Magician (DsEE)                     Turns: 4104, Time: 00:10:58

Health: -1/43      AC:  8    Str:  9    XL:     6   Next: 86%
Magic:  0/12       EV: 10    Int: 16    God:
Gold:   100        SH:  0    Dex: 15    Spells: 2/14 levels left

rFire   + . .        j - +1 falchion (vamp)
rCold   . . .        (no shield)
rNeg    . . .        l - +2 ring mail {rF+}
rPois   .            (helmet unavailable)
rElec   .            (no cloak)
rCorr   .            (no gloves)
SInv    +            m - +0 pair of boots
Will    .....        h - amulet of guardian spirit
Stlth   +            r - ring of see invisible
HPRegen 0.27/turn    (no ring)
MPRegen 0.13/turn

%: guardian spirit
@: mighty
A: horns 3, powered by death 1
a: no special abilities


You were on level 5 of the Dungeon.
You visited 1 branch of the dungeon, and saw 5 of its levels.

You collected 205 gold pieces.
You spent 105 gold pieces at shops.

Inventory:

Hand Weapons
 c - a +1 dagger of flaming
 j - a +1 vampiric falchion (weapon)
Armour
 l - a +2 ring mail of fire resistance (worn)
 m - a +0 pair of boots (worn)
Jewellery
 f - a ring of ice
 h - an amulet of guardian spirit (around neck)
 r - a ring of see invisible (left hand)
Wands
 g - a wand of digging (5)
Scrolls
 a - 2 scrolls of enchant armour {unknown}
 b - a scroll of butterflies {unknown}
 e - a scroll of teleportation
 k - a scroll of immolation {unknown}
 p - a scroll of fear {unknown}
 s - a scroll of blinking
 u - a scroll of identify
Potions
 d - a potion of might
 i - a potion of flight
 n - a potion of heal wounds {unknown}
 o - a potion of lignification {unknown}
 q - a potion of brilliance
 t - a potion of berserk rage {unknown}


   Skills:
 + Level 1.1 Fighting
 + Level 0.4(1.1) Short Blades
 + Level 1.4(1.5) Long Blades
 + Level 1.7 Armour
 + Level 2.3 Dodging
 + Level 2.4 Stealth
 + Level 4.5 Spellcasting
 + Level 0.8 Transmutations
 + Level 4.1 Earth Magic


You had 2 spell levels left.
You knew the following spells:

 Your Spells              Type           Power      Damage    Failure   Level
a - Sandblast             Erth           34%        2d9       8%          1
b - Passwall              Tmut/Erth      9%         N/A       24%         2
c - Stone Arrow           Conj/Erth      20%        3d8       50%         3
d - Mephitic Cloud        Conj/Pois/Air  3%         N/A       78%         3
e - Summon Guardian Gole  Hex/Summ       3%         N/A       78%         3

Your spell library contained the following spells:

 Spells                   Type           Power      Damage    Failure   Level
 Magic Dart               Conj           12%        1d3       41%         1
 Summon Small Mammal      Summ           12%        N/A       41%         1
 Call Imp                 Summ           6%         N/A       54%         2
 Call Canine Familiar     Summ           3%         N/A       78%         3
 Ozocubu's Armour         Ice            3%         N/A       78%         3
 Tukima's Dance           Hex            3%         N/A       78%         3
 Petrify                  Tmut/Erth      11%        N/A       83%         4
 Leda's Liquefaction      Hex/Erth       5%         N/A       88%         4
 Lee's Rapid Deconstruct  Erth           8%         3d7*      91%         5
 Passage of Golubria      Tloc           3%         N/A       99%         4
 Yara's Violent Unravell  Hex/Tmut       2%         3d3       100%        5
 Statue Form              Tmut/Erth      7%         N/A       100%        6
 Ozocubu's Refrigeration  Ice            1%         4d7       100%        7


Dungeon Overview and Level Annotations

Branches:
Dungeon (5/15)             Temple (0/1) D:4

Altars:
Xom

Shops:
D:4 ?


Innate Abilities, Weirdness & Mutations

You have a pair of large horns on your head.
You regenerate a little health from kills.


Message History

An ice beast is nearby!
An ice beast is nearby!
The blast of sand hits the ice beast!
The ice beast is moderately wounded.
The blast of sand hits the ice beast.
The ice beast is heavily wounded.
The ice beast barely misses you.
The blast of sand hits the ice beast.
The ice beast is severely wounded.
The ice beast hits you. The ice beast freezes you!
The ice beast hits you but does no damage.
The blast of sand hits the ice beast but does no damage.
The ice beast is severely wounded.
The ice beast hits you but does no damage.
The blast of sand hits the ice beast but does no damage.
The ice beast is severely wounded.
The ice beast hits you but does no damage. x2
The blast of sand hits the ice beast but does no damage.
The ice beast is severely wounded.
The ice beast hits you. The ice beast freezes you!
You are too injured to fight recklessly!
You are too injured to fight recklessly!
You are too injured to fight recklessly!
You are too injured to fight recklessly!
Casting: Sandblast (safe; 8% risk of failure)
Confirm with . or Enter, or press ? or * to list all spells.
Aiming: Sandblast (safe; 8% risk of failure)
Press: ? - help, Shift-Dir - straight line, f/p - ice beast
Aim: an ice beast (severely wounded, 82% to hit)
The blast of sand hits the ice beast.
The ice beast is severely wounded.
The ice beast completely misses you. The ice beast hits you.
The ice beast freezes you!
* * * LOW HITPOINT WARNING * * *
Unknown command.
You feel very mighty all of a sudden. The ice beast hits you.
* * * LOW HITPOINT WARNING * * *
The ice beast freezes you!
You die...

#..# #.# #..#
#.# #####..# #.#
.......###.#.
#.......#.# ###
##+#.#####.....#
# #......###
#.#.##.#
#........#
#...Y..#
#......#.##
#@########
#######...#
##.......# #...#
#######.# #...#
#.# #...# #.#
#...# #.#
#####...## #.#
## #○......8#
#.# .#
#####...## #.#


You could see an ice beast.

Vanquished Creatures
  A scorpion (D:5)
  A killer bee (D:3)
  A howler monkey (D:3)
  A jelly (D:4)
  2 orc priests
  A hound (D:4)
  An iguana (D:4)
  An orc wizard (D:3)
  7 adders
  A white imp (D:5)
  A dart slug (D:4)
  16 orcs
  6 bats
  6 endoplasms
  A giant cockroach (D:4)
  5 goblins
  4 hobgoblins
  10 jackals
  3 quokkas
  5 ball pythons
  3 frilled lizards
  7 kobolds
  7 rats
91 creatures vanquished.

Notes
Turn   | Place    | Note
-------+----------+-------------------------------------------
     0 | D:1      | DemonSlayer the Demonspawn Earth Elementalist began the
                  | quest for the Orb.
     0 | D:1      | Reached XP level 1. HP: 13/13 MP: 3/3
   204 | D:1      | Gained mutation: You have a pair of small horns on your
                  | head. [demonic ancestry]
   204 | D:1      | Reached XP level 2. HP: 19/19 MP: 3/5
   692 | D:1      | Learned a level 2 spell: Passwall
   717 | D:2      | Found a faded altar of an unknown god.
   725 | D:2      | Found a shimmering altar of Xom.
   739 | D:2      | Gained mutation: You regenerate a little health from kills.
                  | [demonic ancestry]
   739 | D:2      | Reached XP level 3. HP: 24/24 MP: 4/6
  1303 | D:2      | Identified the +3 ring mail "Duj Waho" {-Cast rElec rF+}
  1436 | D:2      | Learned a level 3 spell: Stone Arrow
  1548 | D:3      | Gained mutation: You have a pair of horns on your head.
                  | [demonic ancestry]
  1548 | D:3      | Reached XP level 4. HP: 17/30 MP: 0/8
  1763 | D:3      | Reached skill level 1 in Long Blades
  1869 | D:3      | Gained mutation: You have a pair of large horns on your
                  | head. [demonic ancestry]
  1869 | D:3      | Reached XP level 5. HP: 32/35 MP: 2/10
  2153 | D:3      | You fall into a shaft and drop 1 floor!
  2636 | D:3      | Learned a level 3 spell: Mephitic Cloud
  2918 | D:4      | Found The Oracle's Delphic Readings.
  2922 | D:4      | Bought a scroll of blinking for 105 gold pieces
  2970 | D:4      | Reached skill level 1 in Fighting
  2970 | D:4      | Reached skill level 1 in Armour
  2970 | D:4      | Reached XP level 6. HP: 43/43 MP: 1/12
  3069 | D:4      | Found a staircase to the Ecumenical Temple.
  3549 | D:5      | Entered Level 5 of the Dungeon
  3655 | D:5      | Learned a level 3 spell: Summon Guardian Golem
  4096 | D:5      | Noticed an ice beast
  4104 | D:5      | Slain by an ice beast

Illustrated notes

Levels and vault maps discovered:
D:1:      sevenhm_arrival_forest_fort_small_3, layout_rooms, minmay_ruptured
D:2:      layout_loops_ring, basic_altar, basic_ecumenical_altar
D:3:      layout_loops_ring
D:4:      layout_gridville, grunt_temple_overflow_open,
          minmay_temple_entry_enclosed_plants, nicolae_nh_oracle_at_delphi
D:5:      layout_basic, chequers_serial_rivers_large_a, serial_park_tiny_2,
          lemuel_flamethrower_1

Skill      XL: |  1  2  3  4  5  6 |
---------------+-------------------+-----
Earth Magic    | 3 4 |  4.1
Stealth        | 2 |  2.4
Spellcasting   | 3 4 |  4.5
Dodging        | 2 |  2.3
Long Blades    | 1 |  1.4
Fighting       | 1 |  1.1
Armour         | 1 |  1.7
Short Blades   | |  0.4
Transmutations | |  0.8

Action                     |  1- 3 |  4- 6 || total
---------------------------+-------+-------++-------
  Melee: Dagger            |    11 |       ||    11
         Headbutt          |     1 |    12 ||    13
         Falchion          |    14 |    71 ||    85
         Punch             |       |     2 ||     2
   Cast: Sandblast         |    36 |    90 ||   126
    Use: Scroll            |     4 |     9 ||    13
         Potion            |     1 |     5 ||     6
   Stab: Sleeping          |     6 |     1 ||     7
 Armour: Robe              |    14 |       ||    14
         Ring mail         |     1 |    77 ||    78
  Dodge: Dodged            |    32 |   119 ||   151
